 Dungeon Crawl Stone Soup version 0.32-a0-330-g213d367 (webtiles) character file.

Game seed: 9912287773984232409

909 Dorkslayer the Chopper (level 7, -9/60 HPs)
             Began as a Mountain Dwarf Fighter on Feb 16, 2024.
             Mangled by an ogre
             ... wielding a +0 giant club
              (26 damage)
             ... on level 5 of the Dungeon.
             The game lasted 00:12:58 (4124 turns).

Dorkslayer the Chopper (Mountain Dwarf Fighter)     Turns: 4124, Time: 00:12:59

Health: -9/60      AC: 16    Str: 20    XL:     7   Next: 81%
Magic:  7/7        EV:  8    Int:  9    God:
Gold:   194        SH:  4    Dex:  9    Spells: 6/6 levels left

rFire   . . .        a - +0 war axe
rCold   . . .        c - +0 buckler
rNeg    . . .        r - +0 chain mail of Unreason {SInv}
rPois   .            m - +0 helmet
rElec   .            d - +2 cloak {Will+}
rCorr   .            k - +0 pair of gloves
SInv    +            q - +0 pair of boots
Will    +....        (no amulet) Stlth
                     (no ring)
HPRegen 0.30/turn    (no ring)
MPRegen 0.10/turn

%: no passive effects
@: no status effects
A: runic magic, artefact enchanting
a: no special abilities


You were on level 5 of the Dungeon.
You visited 1 branch of the dungeon, and saw 5 of its levels.

You collected 194 gold pieces.

Inventory:

Hand Weapons
 a - a +0 war axe (weapon)
Missiles
 j - 8 boomerangs (quivered)
Armour
 c - a +0 buckler (worn)
 d - a +2 cloak of willpower (worn)
 k - a +0 pair of gloves (worn)
 m - a +0 helmet (worn)
 q - a +0 pair of boots (worn)
 r - the +0 chain mail of Unreason (worn) {SInv}
   (You found it on level 3 of the Dungeon)

   SInv:      It lets you see invisible.
 v - a +0 plate armour
Jewellery
 g - an amulet of guardian spirit
Wands
 p - a wand of roots (1)
 t - a wand of polymorph (7)
Scrolls
 b - 2 scrolls of identify
 e - 3 scrolls of teleportation
 f - 2 scrolls of enchant armour
 h - a scroll of fog
 l - a scroll of revelation
 o - 3 scrolls of fear
 s - a scroll of immolation
 u - a scroll of poison {unknown}
 w - a scroll of enchant weapon {unknown}
Potions
 n - 2 potions of brilliance


   Skills:
 + Level 4.5 Fighting
 + Level 6.5 Axes
 * Level 5.2 Armour
 * Level 2.8 Dodging
 + Level 4.3 Shields
 * Level 2.8 Evocations


You had 6 spell levels left.
You didn't know any spells.
Your spell library contained the following spells:

 Spells                   Type           Power      Damage    Failure   Level
 Necrotise                Necr           0%         1d4       63%         1
 Cigotuvi's Dreadful Rot  Necr/Alch/Air  0%         N/A       77%         2
 Ensorcelled Hibernation  Hex/Ice        0%         N/A       77%         2
 Fugue of the Fallen      Necr           0%         N/A       94%         3
 Hailstorm                Conj/Ice       0%         3d5       94%         3
 Summon Ice Beast         Ice/Summ       0%         N/A       94%         3
 Anguish                  Hex/Necr       0%         N/A       100%        4
 Sculpt Simulacrum        Ice/Alch       0%         N/A       100%        6
 Haunt                    Necr/Summ      0%         N/A       100%        7
 Chain Lightning          Conj/Air       0%         N/A       100%        9
 Fire Storm               Conj/Fire      0%         5d1       100%        9
 Shatter                  Erth           0%         3d5*      100%        9


Dungeon Overview and Level Annotations

Branches:
Dungeon (5/15)
 Temple: D:4-7

Altars:
The Shining One

Shops:
D:1 :   D:3 (


Innate Abilities, Weirdness & Mutations

Your spellcasting is much less encumbered by armour.
You can use scrolls of enchantment on lesser artefacts.


Message History

HP restored.
An ogre comes into view. It is wielding a +0 giant club.
The ogre shouts!
You see here a scroll of identify.
b - 2 scrolls of identify (gained 1) Throw: 8 boomerangs
Press: ? - help, Q - select action, (/) - cycle Shift-Dir - straight line, f - ogre
Aim: an ogre, wielding a +0 giant club (70% to hit)
You throw a boomerang. The boomerang barely misses the ogre.
Unknown command.
Throw: 8 boomerangs
Press: ? - help, Q - select action, (/) - cycle Shift-Dir - straight line, f/p - ogre
Aim: an ogre, wielding a +0 giant club (70% to hit)
You throw a boomerang. The boomerang hits the ogre.
The ogre is lightly wounded.
Unknown command.
Okay, then.
Throw: 8 boomerangs
Press: ? - help, Q - select action, (/) - cycle Shift-Dir - straight line, f/p - ogre
Aim: an ogre, wielding a +0 giant club (lightly wounded, 70% to hit)
Okay, then.
You hit the ogre.
The ogre is lightly wounded.
The ogre hits you with a +0 giant club.
You slash the ogre!
The ogre is heavily wounded.
You hit the ogre.
The ogre is severely wounded.
The ogre closely misses you.
You hit the ogre.
The ogre is severely wounded.
The ogre hits you with a +0 giant club!
You hit the ogre.
The ogre is almost dead.
The ogre hits you with a +0 giant club!!
* * * LOW HITPOINT WARNING * * *
You barely miss the ogre.
The ogre is almost dead.
The ogre hits you with a +0 giant club!!
You die...

#####
###.####...#
......O@.#.#
.##.####...#
##.##
####.####
#.......#
#.##.##.#
#.##.##.#
#.##..#.#
.......
#.###.#)#


You could see an ogre.

Vanquished Creatures
  Grinder (D:3)
  An ogre (D:4)
  2 jellies (D:5)
  3 orc priests
  A bombardier beetle (D:4)
  2 hounds (D:5)
  Crazy Yiuf (D:2)
  A sleepcap (D:5)
  2 iguanas (D:5)
  An orc wizard (D:4)
  Robin (D:2)
  4 adders
  A shadow imp (D:5)
  10 orcs
  6 ball pythons
  7 endoplasms
  2 giant cockroaches
  12 goblins
  8 hobgoblins
  6 jackals
  7 kobolds
  4 quokkas
  7 bats
  2 frilled lizards
  13 rats
105 creatures vanquished.

Notes
Turn   | Place    | Note
-------+----------+-------------------------------------------
     0 | D:1      | Dorkslayer the Mountain Dwarf Fighter began the quest for
                  | the Orb.
     0 | D:1      | Reached XP level 1. HP: 19/19 MP: 1/1
    16 | D:1      | Found Micsy's Book Emporium.
   121 | D:1      | Reached XP level 2. HP: 23/26 MP: 2/2
   559 | D:1      | Reached XP level 3. HP: 31/31 MP: 3/3
   602 | D:1      | Reached skill level 3 in Axes
  1009 | D:2      | Found a glowing golden altar of the Shining One.
  1100 | D:2      | Reached XP level 4. HP: 39/39 MP: 4/4
  1107 | D:2      | Noticed Robin
  1113 | D:2      | Reached skill level 1 in Dodging
  1119 | D:2      | Killed Robin
  1432 | D:2      | Found a runed translucent door.
  1433 | D:2      | Noticed Crazy Yiuf
  1440 | D:2      | Killed Crazy Yiuf
  1441 | D:2      | Reached skill level 4 in Axes
  1441 | D:2      | Reached XP level 5. HP: 38/45 MP: 5/5
  1894 | D:3      | Identified the +0 chain mail of Unreason {SInv}
  1936 | D:3      | Noticed Grinder
  1962 | D:3      | Killed Grinder
  1963 | D:3      | Reached skill level 5 in Axes
  1963 | D:3      | Reached XP level 6. HP: 24/52 MP: 6/6
  2095 | D:3      | Found Upraunag's Weapon Boutique.
  2863 | D:4      | Got the Almanac of Saturnine Arson
  2990 | D:4      | Reached XP level 7. HP: 44/60 MP: 7/7
  3364 | D:4      | Reached skill level 1 in Evocations
  3595 | D:5      | Entered Level 5 of the Dungeon
  3736 | D:5      | Reached skill level 5 in Armour
  3766 | D:5      | Reached skill level 6 in Axes
  3908 | D:5      | HP: 2/60 [orc priest/nerve-wracking pain (10)]
  4124 | D:5      | Mangled by an ogre

Illustrated notes

Levels and vault maps discovered:
D:1:      minmay_arrival_shattered_statue, layout_basic, serial_shops,
          nicolae_shop_advertising_works [nicolae_subvault_shop_adworks],
          minmay_misc_feat_x, roderic_roman_lattice,
          minmay_misc_feat_secret_circle, minmay_rat_gold_closets
D:2:      layout_loops_ring, basic_altar, uniq_crazy_yiuf_cottage, uniq_robin
D:3:      layout_basic, serial_shops, shop, hangedman_decor_riveting,
          minivault_19, uniq_grinder
D:4:      layout_basic, kennysheep_doodads
D:5:      layout_loops_cross, minmay_fountain_box, uniq_eustachio

Skill      XL: |  1  2  3  4  5  6  7 |
---------------+----------------------+-----
Axes           | 3 4 5 6 |  6.5
Dodging        | 1 2 |  2.8
Armour         | 4 5 |  5.2
Fighting       | 4 |  4.5
Shields        | 4 |  4.3
Evocations     | 2 |  2.8

Action                     |  1- 3 |  4- 6 |  7- 9 || total
---------------------------+-------+-------+-------++-------
  Melee: War axe           |    90 |   136 |   102 ||   328
  Throw: Boomerang         |       |       |     2 ||     2
  Evoke: Wand              |       |     4 |       ||     4
    Use: Potion            |       |     1 |     1 ||     2
         Scroll            |       |     8 |       ||     8
 Armour: Scale mail        |    53 |    46 |       ||    99
         Chain mail        |       |    74 |    93 ||   167
  Dodge: Dodged            |    45 |    59 |    46 ||   150
  Block: Buckler           |    25 |    36 |    29 ||    90

Table legend: (Time is in decaauts)
 A = Elapsed time spent in this place.
 B = Non-inter-level travel time spent in this place.
 C = Inter-level travel time spent in this place.
 D = Time resting spent in this place.
 E = Time spent auto-exploring this place.
 F = Levels seen in this place.
 G = Mean time per level.
                   A        B        C        D        E       F      G
               +--------+--------+--------+--------+--------+-----+--------+
         Total |   4222 |   4222 |      0 |    180 |   2233 |   5 |  844.4 |
       Dungeon |   4222 |   4222 |      0 |    180 |   2233 |   5 |  844.4 |
               +--------+--------+--------+--------+--------+-----+--------+

Top non-repeatable levels by time:
     D:4: 940 daAuts
     D:1: 927 daAuts
     D:2: 915 daAuts
     D:3: 890 daAuts
     D:5: 548 daAuts
